 Dungeon Crawl Stone Soup version 0.24.0-123-gd5b16e6ec5 (webtiles) character file.

Game seed: 1912416614386241905, levelgen mode: deterministic

1176 AuftragZ the Thaumaturge (level 8, -19/42 HPs)
             Began as a Deep Elf Conjurer on Jan 23, 2020.
             Was an Initiate of Sif Muna.
             Killed by an exploding fulminant prism (25 damage)
             ... created by the player character
             ... on level 6 of the Dungeon on Jan 24, 2020.
             The game lasted 00:28:40 (7185 turns).

AuftragZ the Thaumaturge (Deep Elf Conjurer)        Turns: 7185, Time: 00:28:40

Health: -19/42     AC:  3    Str:  5    XL:     8   Next: 18%
Magic:  6/22       EV: 14    Int: 23    God:    Sif Muna [......]
Gold:   308        SH:  0    Dex: 17    Spells: 13/24 levels left

rFire    . . .     SeeInvis .   g - +1 dagger
rCold    + . .     Gourm    .   (no shield)
rNeg     . . .     Faith    .   a - +1 robe
rPois    .         Spirit   .   (no helmet)
rElec    .         Reflect  .   (no cloak)
rCorr    .         Harm     .   (no gloves)
MR       .....                  (no boots)
Stlth    +++.......             (no amulet)
HPRegen  0.14/turn              i - ring of protection from cold
MPRegen  0.18/turn              (no ring)

@: no status effects
A: agile 1, wild magic 1
a: Renounce Religion


You were on level 6 of the Dungeon.
You worshipped Sif Muna.
Sif Muna was noncommittal.
You were hungry.

You visited 2 branches of the dungeon, and saw 7 of its levels.

You collected 308 gold pieces.

Inventory:

Hand Weapons
 g - a +1 dagger (weapon)
Missiles
 n - 14 poisoned darts (quivered)
Armour
 a - a +1 robe (worn)
Jewellery
 i - a ring of protection from cold (left hand)
Wands
 j - a wand of iceblast (13)
 r - a wand of disintegration (11)
Scrolls
 b - 3 scrolls of identify
 d - 3 scrolls of enchant weapon
 e - a scroll of immolation
 k - a scroll of fog
 m - a scroll of blinking
 p - a scroll of teleportation
Potions
 f - a potion of resistance
 h - a potion of berserk rage
 l - a potion of agility
 o - 2 potions of heal wounds
 q - 2 potions of degeneration
 s - a potion of haste {unknown}
Comestibles
 c - 7 rations


   Skills:
 - Level 0.6 Fighting
 - Level 1.2 Short Blades
 - Level 3.4 Dodging
 - Level 4.2 Stealth
 + Level 8.6 Spellcasting
 + Level 8.3 Conjurations
 + Level 0.2 Hexes


You had 13 spell levels left.
You knew the following spells:

 Your Spells              Type           Power        Failure   Level  Hunger
a - Magic Dart            Conj           ####         1%          1    None
b - Searing Ray           Conj           ######       1%          2    None
c - Iskenderun's Mystic   Conj           ######..     4%          4    ##.....
d - Fulminant Prism       Conj/Hex       #####.....   16%         4    ##.....

Your spell library contained the following spells:

 Spells                   Type           Power        Failure   Level  Hunger
 Dazzling Spray           Conj/Hex       #####.       5%          3    None
 Force Lance              Conj/Tloc      #####...     17%         4    ##.....


Dungeon Overview and Level Annotations

Branches:
Dungeon (6/15)             Temple (1/1) D:4

Altars:
Ashenzari
Dithmenos
Elyvilon
Fedhas
Hepliaklqana
Nemelex Xobeh
Okawaru
Qazlal
Ru
Sif Muna
Trog
Vehumet
Wu Jian
Xom
Yredelemnul
Zin
The Shining One


Innate Abilities, Weirdness & Mutations

You are agile. (Dex +2)
Your spells are a little harder to cast, but a little more powerful.


Message History

Aiming: Fulminant Prism (slightly dangerous; 17% risk of failure)
Press: ? - help, Dir - move target cursor, p - orc warrior You conjure a prism of explosive energy!
A fulminant prism comes into view.
The orc wizard mumbles some strange words.
The orc wizard blinks!
The orc warrior hits you from afar with a +0 trident!
* * * LOW HITPOINT WARNING * * *
Your fulminant prism crackles loudly.
The orc priest calls upon Beogh to heal the orc warrior.
The orc warrior's wounds heal themselves!
Your fulminant prism explodes!
The blast of energy engulfs the orc warrior!!
The orc warrior is severely wounded.
The blast of energy engulfs the orc priest!!
You kill the orc priest!
Sif Muna accepts your kill. The blast of energy engulfs you!!
Ouch! That really hurt!
You die...

#........##....# ...
#...#....##....##... #
##..##....##...............
###...##....##..o............
.............................
..#.......................)..
..#.........##....##........)
.##.).##....##..(.##.........
.####'##.....+..@............
......##....##....o[.))......
......########....†..........
.......#.....#...............
.##...##....##....##..>......
.#######....########.........
.##...####'###.....#.........
.##...##....##.....#.........
..+................#.........


You could see an orc warrior and an orc wizard.

Vanquished Creatures
  2 sky beasts (D:5)
  2 ice beasts (D:5)
  A scorpion (D:4)
  2 howler monkeys
  A bullfrog zombie (D:5)
  A crimson imp (D:5)
  A quasit (D:6)
  2 orc priests
  2 jellies (D:5)
  A centaur skeleton (D:4)
  A hound (D:6)
  4 orc wizards
  Ijyb (D:4)
  4 worker ants
  Terence (D:2)
  An adder (D:3)
  A shadow imp (D:5)
  2 oozes (D:4)
  An adder skeleton (D:5)
  An adder zombie (D:5)
  A worm (D:3)
  2 dart slugs
  2 leopard geckos
  19 orcs
  4 giant cockroaches
  9 goblins
  7 hobgoblins
  2 jackals (D:1)
  2 quokkas
  5 bats
  4 frilled lizards
  10 kobolds
  A quokka zombie (D:5)
  6 rats
106 creatures vanquished.

Vanquished Creatures (others)
  A fulminant prism (D:6)
1 creature vanquished.

Grand Total: 107 creatures vanquished

Notes
Turn   | Place    | Note
-------+----------+-------------------------------------------
     0 | D:1      | AuftragZ the Deep Elf Conjurer began the quest for the Orb.
     0 | D:1      | Reached XP level 1. HP: 10/10 MP: 6/6
   314 | D:1      | Reached XP level 2. HP: 15/15 MP: 6/8
   380 | D:1      | Learned a level 2 spell: Searing Ray
   464 | D:1      | Reached skill level 5 in Conjurations
  1243 | D:1      | Reached XP level 3. HP: 19/19 MP: 4/9
  1766 | D:2      | Noticed Terence
  2037 | D:2      | Killed Terence
  2242 | D:2      | Gained mutation: You are agile. (Dex +2) [potion of
                  | mutation]
  2242 | D:2      | Gained mutation: Your spells are a little harder to cast,
                  | but a little more powerful. [potion of mutation]
  2655 | D:3      | Reached XP level 4. HP: 24/24 MP: 9/11
  2931 | D:3      | Learned a level 4 spell: Iskenderun's Mystic Blast
  3636 | D:4      | Reached XP level 5. HP: 28/28 MP: 6/13
  3990 | D:4      | Reached skill level 5 in Spellcasting
  4015 | D:4      | Reached XP level 6. HP: 24/32 MP: 5/15
  4564 | D:4      | Found a staircase to the Ecumenical Temple.
  4573 | Temple   | Entered the Ecumenical Temple
  4604 | Temple   | Became a worshipper of Sif Muna the Loreminder
  4794 | D:4      | Noticed Ijyb
  4801 | D:4      | Killed Ijyb
  4928 | D:5      | Entered Level 5 of the Dungeon
  5066 | D:5      | Learned a level 4 spell: Fulminant Prism
  5070 | D:5      | Noticed an ice beast
  5078 | D:5      | Killed an ice beast
  5078 | D:5      | Reached XP level 7. HP: 4/37 MP: 11/18
  5532 | D:5      | Reached skill level 1 in Short Blades
  5597 | D:5      | Found an ornate altar of the Wu Jian Council.
  5613 | D:5      | You fall into a shaft and drop 1 floor!
  6317 | D:5      | Reached XP level 8. HP: 42/42 MP: 17/22
  7185 | D:6      | Killed by an exploding fulminant prism

Levels and vault maps discovered:
D:1:      nzn_arrival_settlement, layout_loops_ring
D:2:      layout_loops_ring, uniq_terence
D:3:      layout_basic, first_ration
D:4:      layout_rooms, minmay_temple_entry_enclosed_plants, fountainhead,
          uniq_ijyb
D:5:      layout_basic, marbit_many_paths
D:6:      layout_gridville, serial_shops, kennysheep_mini,
          minmay_joined_circles, uniq_sigmund
Temple:   eino_temple_rhombus

Skill      XL: |  1  2  3  4  5  6  7 |
---------------+----------------------+-----
Conjurations   | 5 6 7 8 |  8.3
Spellcasting   | 4 5 6 8 |  8.6
Stealth        | 3 4 |  4.2
Dodging        | 3 |  3.4
Short Blades   | 1 |  1.2
Fighting       | |  0.6
Hexes          | |  0.2

Action                   |  1- 3 |  4- 6 |  7- 9 || total
-------------------------+-------+-------+-------++-------
Melee: Unarmed           |     1 |       |       ||     1
       Dagger            |       |    10 |     3 ||    13
Throw: Dart              |       |       |     2 ||     2
 Cast: Magic Dart        |    59 |    76 |    39 ||   174
       Searing Ray       |    10 |    16 |    21 ||    47
       Iskenderun's Myst |       |     4 |     2 ||     6
       Fulminant Prism   |       |       |     2 ||     2
  Use: Scroll            |    11 |     2 |     3 ||    16
       Potion            |     4 |     2 |     1 ||     7
  Eat: Chunk             |     5 |     1 |     3 ||     9
       Ration            |       |     2 |     1 ||     3
Armor: Robe              |     4 |     7 |       ||    11
Dodge: Dodged            |    12 |    23 |    10 ||    45
